 Dungeon Crawl Stone Soup version 0.18.1-6-gd335043 (webtiles) character file.

31 Implojin the Insei (level 3, 0/29 HPs)
             Began as a Mummy Monk on May 19, 2016.
             Slain by a hound (6 damage)
             ... on level 1 of the Dungeon.
             The game lasted 00:04:56 (1864 turns).

Implojin the Insei (Mummy Monk)                     Turns: 1864, Time: 00:04:57

Health: 0/29       AC:  0    Str: 14    XL:     3   Next: 7%
Magic:  3/3        EV: 13    Int:  9    God:
Gold:   5          SH:  0    Dex: 15    Spells: 0 memorised, 2 levels left

rFire  x . .     SeeInvis .       - Unarmed
rCold  + . .     Gourm    .     (no armour)
rNeg   + + +     Faith    .     (no shield)
rPois  ∞         Spirit   .     (no helmet)
rElec  .         Dismiss  .     (no cloak)
rCorr  .         Reflect  .     (no gloves)
SustAt .         Harm     .     (no boots)
MR     .....                    (no amulet)
Stlth  ++........               (no ring)
                                (no ring)

@: not resistant to hostile enchantments, unstealthy
A: no food or potions, fire vulnerability, cold resistance 1, negative energy
resistance 3, torment resistance, unbreathing
a: no special abilities


You were on level 1 of the Dungeon.
You were not hungry.

You visited 1 branch of the dungeon, and saw 2 of its levels.

You collected 5 gold pieces.

Inventory:

Scrolls
 a - 2 scrolls of identify


   Skills:
 - Level 3.0 Fighting
 - Level 2.4 Dodging
 - Level 1.5 Stealth
 * Level 4.1 Unarmed Combat


You had 2 spell levels left.
You didn't know any spells.

Dungeon Overview and Level Annotations

Branches:
Dungeon (2/15)

Altars:


Innate Abilities, Weirdness & Mutations

You do not eat or drink.
Your flesh is vulnerable to fire.
You are immune to poison.
Your flesh is cold resistant.
You are immune to negative energy.
You are immune to unholy pain and torment.
You can survive without breathing.


Message History

The hound barely misses you.
You hit the hound but do no damage. You punch the hound, but do no damage.
The hound is moderately wounded.
The hound closely misses you. The hound barely misses you.
You miss the hound.
The hound is moderately wounded.
The hound bites you.
* * * LOW HITPOINT WARNING * * *
You hit the hound. You punch the hound, but do no damage.
The hound is heavily wounded.
The hound bites you.
* * * LOW HITPOINT WARNING * * *
You barely miss the hound.
The hound is heavily wounded.
The hound closely misses you. The hound bites you.
* * * LOW HITPOINT WARNING * * *
You closely miss the hound.
The hound is moderately wounded.
The hound barely misses you.
Read which item? (? for menu, Esc to quit)
As you read the scroll labeled USKORU SARITS, it crumbles to dust.
It is a scroll of amnesia.
You feel forgetful for a moment. The hound misses you.
The hound closely misses you.
Read which item? (? for menu, Esc to quit)
As you read the scroll labeled RUZUPL WULLEH, it crumbles to dust.
The scroll dissolves into smoke.
It was a scroll of fog.
The hound stops to sniff the ground.
The hound barely misses you.
Read which item? (? for menu, Esc to quit)
As you read the scroll labeled PAENU DOKISUO, it crumbles to dust.
It is a scroll of identify.
You don't have any unidentified items.
The hound bites you.
* * * LOW HITPOINT WARNING * * *
The hound closely misses you.
You closely miss the hound.
The hound is moderately wounded.
The hound bites you.
You die...

######.#####........# # .......
#..#.###.# . ####### #..#.#
#.#### # ##....###.#.. ###
#........... #.. ### #....>..#.#
#.# ..# #......§§§# #.# #.#
#...§§§§§.#### #.#
#.#########...§§@h§....# #.#
............>.§§§§.§##.# #.#
#.#########...§§§§..##.########.#
........÷...#.§§§.#.##..........#
###.#########..).##.#############
#.# #.....%..........# #.#
#####.######.###†# #.# #..# #.#
#.# ###.# ##'# #.# #.#


You could see a hound.

Vanquished Creatures
  A giant gecko (D:1)
  5 bats (D:1)
  6 goblins (D:1)
  3 hobgoblins (D:1)
  3 jackals (D:1)
  4 kobolds (D:1)
  2 giant newts (D:1)
  4 rats (D:1)
28 creatures vanquished.

Notes
Turn   | Place    | Note
--------------------------------------------------------------
     0 | D:1      | Implojin the Mummy Monk began the quest for the Orb.
     0 | D:1      | Reached XP level 1. HP: 18/18 MP: 1/1
   593 | D:1      | Reached XP level 2. HP: 20/24 MP: 2/2
  1042 | D:1      | Reached skill level 4 in Unarmed Combat
  1599 | D:1      | Reached XP level 3. HP: 23/29 MP: 3/3
  1864 | D:1      | Slain by a hound

Skill      XL: |  1  2 |
---------------+-------+-----
Unarmed Combat | 4 |  4.1
Fighting       | |  3.0
Dodging        | |  2.4
Stealth        | |  1.5

Action                   || total
-------------------------++-------
Melee: Unarmed           ||   131
       Punch             ||     2
  Use: Scroll            ||     3
Dodge: Dodged            ||    98

Table legend:
 A = Turns spent in this place as a percentage of turns spent in the entire game.
 B = Non-inter-level travel turns spent in this place as a percentage of non-inter-level travel turns spent in the entire game.
 C = Inter-level travel turns spent in this place as a percentage of turns spent in this place.
 D = Turns resting spent in this place as a percentage of non-inter-level travel turns spent in this place.
 E = Turns spent auto-exploring this place as a percentage of non-inter-level travel turns spent in this place.
 F = Non-inter-level travel turns spent in this place divided by the number of levels of this place that you've seen.
                   A       B       C       D       E      F
               +-------+-------+-------+-------+-------+----------------------
         Total | 100.0 | 100.0 |   0.0 |   3.8 |   3.3 | 369.0
       Dungeon | 100.0 | 100.0 |   0.0 |   3.8 |   3.3 | 369.0
               +-------+-------+-------+-------+-------+----------------------

Table legend:
 A = Kills in this place as a percentage of kills in entire the game.
 B = Kills by you in this place as a percentage of kills by you in the entire game.
 C = Kills by friends in this place as a percentage of kills by friends in the entire game.
 D = Other kills in this place as a percentage of other kills in the entire game.
 E = Experience gained in this place as a percentage of experience gained in the entire game.
 F = Experience gained in this place divided by the number of levels of this place that you have seen.
                   A       B       C       D       E      F
               +-------+-------+-------+-------+-------+----------------------
         Total | 100.0 | 100.0 |  -nan |  -nan | 100.0 |  22.5
       Dungeon | 100.0 | 100.0 |  -nan |  -nan | 100.0 |  22.5
               +-------+-------+-------+-------+-------+----------------------
